 Dungeon Crawl Stone Soup version 0.18.1-50-g88ac8fd (webtiles) character file.

7757 Gargoyl the Protected (level 11, -7/90 HPs)
             Began as a Demonspawn Abyssal Knight on Sept 13, 2016.
             Was a High Priest of Lugonu.
             Mangled by Snorg (22 damage)
             ... on level 10 of the Dungeon.
             The game lasted 00:17:47 (9242 turns).

Gargoyl the Protected (Demonspawn Abyssal Knight)   Turns: 9242, Time: 00:17:48

Health: -7/90      AC: 24    Str: 15 (16) XL:     11   Next: 1%
Magic:  8/12       EV:  7    Int: 10 (11) God:    Lugonu [*****.]
Gold:   599        SH:  3    Dex:  5 (6)  Spells: 0 memorised, 10 levels left

rFire  . . .     SeeInvis .     b - +2 battleaxe
rCold  . . .     Gourm    .     D - +7 chain mail of Infinity {rN+ Str+2 Dex-5}
rNeg   + . .     Faith    .     (shield currently unavailable)
rPois  .         Spirit   .     e - +0 helmet
rElec  .         Dismiss  .     (no cloak)
rCorr  .         Reflect  +     l - +0 pair of gloves
SustAt .         Harm     .     (no boots)
MR     ++...     Rnd*Tele +     x - +3 amulet of reflection
Stlth  ..........               (no ring)
                                F - ring of protection from magic

@: very resistant to hostile enchantments, extremely unstealthy
A: rugged brown scales 2, clumsy 1, dopey 1, magic resistance 1, sense
surroundings 1, powered by pain 1, spiny 3, teleportitis 1, weak 1
a: Depart the Abyss, Bend Space, Banish, Corrupt, Enter the Abyss, Renounce
Religion


You were on level 10 of the Dungeon.
You worshipped Lugonu.
Lugonu was extremely pleased with you.
You were hungry.

You visited 1 branch of the dungeon, and saw 10 of its levels.
You visited the Abyss 1 time.

You collected 599 gold pieces.

Inventory:

Hand Weapons
 a - a +1 hand axe
 b - a +2 battleaxe (weapon)
Missiles
 k - 2 javelins (quivered)
 L - 4 tomahawks
Armour
 e - a +0 helmet (worn)
 l - a +0 pair of gloves (worn)
 u - a +0 plate armour
 D - the +7 chain mail of Infinity (worn) {rN+ Str+2 Dex-5}
   (You found it on level 8 of the Dungeon)

   It affects your strength (+2).
   It affects your dexterity (-5).
   It protects you from negative energy.
Jewellery
 x - a +3 amulet of reflection (around neck)
 F - a ring of protection from magic (left hand)
Wands
 j - a wand of confusion (26/48)
 y - a wand of iceblast (15/15)
 A - a wand of slowing (26/48)
 I - a wand of paralysis (20/24)
 M - a wand of polymorph (14/24)
Scrolls
 d - 2 scrolls of teleportation
 h - 2 scrolls of blinking
 J - a scroll of identify
Potions
 m - a potion of ambrosia
 n - a potion of curing
 o - a potion of brilliance
 q - 3 potions of haste
 r - 3 potions of might
 s - a potion of degeneration
 z - a potion of lignification
Books
 i - a book of Minor Magic

   Spells                             Type                      Level
   a - Magic Dart                     Conjuration                  1
   b - Blink                          Translocation                2
   c - Call Imp                       Summoning                    2
   d - Repel Missiles                 Charms/Air                   2
   e - Slow                           Hexes                        2
   f - Conjure Flame                  Conjuration/Fire             3
   g - Mephitic Cloud                 Conjuration/Poison/Air       3
 w - the Papyrus of Earth and Boosts
   (You found it on level 10 of the Dungeon)

   Spells                             Type                      Level
   a - Song of Slaying                Charms                       2
   b - Passwall                       Transmutation/Earth          2
   c - Lee's Rapid Deconstruction     Earth                        5
 B - a book of Flames

   Spells                             Type                      Level
   a - Flame Tongue                   Conjuration/Fire             1
   b - Throw Flame                    Conjuration/Fire             2
   c - Conjure Flame                  Conjuration/Fire             3
   d - Inner Flame                    Hexes/Fire                   3
   e - Sticky Flame                   Conjuration/Fire             4
   f - Fireball                       Conjuration/Fire             5
 G - a book of Clouds

   Spells                             Type                      Level
   a - Mephitic Cloud                 Conjuration/Poison/Air       3
   b - Conjure Flame                  Conjuration/Fire             3
   c - Poisonous Cloud                Conjuration/Poison/Air       6
   d - Freezing Cloud                 Conjuration/Ice/Air          6
   e - Ring of Flames                 Charms/Fire                  7
Comestibles
 c - 5 bread rations
 g - 22 fruits
 p - a beef jerky
 t - a slice of pizza
 v - 2 meat rations


   Skills:
 + Level 8.2 Fighting
 + Level 7.7 Axes
 + Level 0.8 Throwing
 * Level 11.2 Armour
 + Level 3.3 Dodging
 + Level 2.5 Invocations


You had 10 spell levels left.
You didn't know any spells.

Dungeon Overview and Level Annotations

Branches:
Dungeon (10/15)            Temple (0/1) D:4            Lair (0/8) D:8
    Orc: D:9-12

Altars:
Ashenzari
Dithmenos
Fedhas
Kikubaaqudgha
Nemelex Xobeh
Vehumet

Annotations:
D:10 Snorg


Innate Abilities, Weirdness & Mutations

You are mostly covered in rugged brown scales (AC +2, +5% HP).
You sometimes gain a little power by taking damage.
You are completely covered in sharp spines.
You are clumsy. (Dex -2)
You are dopey. (Int -2)
You are resistant to hostile enchantments.
You passively map a small area around you.
You are occasionally teleported next to monsters.
You are weak. (Str -2)


Message History

Drink which item? (? for menu, Esc to quit)
You feel much better. Snorg is struck by your spines. Snorg bites you!
Snorg claws you!
* * * LOW HITPOINT WARNING * * *
Snorg barely misses you.
Press: ? - help, Shift-Dir - straight line, f - Snorg
Aim: Snorg (heavily wounded, berserk, fast, unusually strong, chance to defeat MR: 50%) Snorg resists with some effort.
You feel somewhat more hungry. Snorg is struck by your spines.
Snorg barely misses you.
Snorg claws you but does no damage. x2; Snorg is struck by your spines.
Snorg bites you but does no damage. Snorg claws you but does no damage. x2
Press: ? - help, Shift-Dir - straight line, f/p - Snorg
Aim: Snorg (heavily wounded, berserk, fast, unusually strong, chance to defeat MR: 50%)
You fail to use your ability.
Snorg bites you!
* * * LOW HITPOINT WARNING * * *
Snorg claws you but does no damage. Snorg claws you!
* * * LOW HITPOINT WARNING * * *
Drink which item? (? for menu, Esc to quit)
You feel better. Snorg bites you!!
You die...

.##..##
##§§§...#..........#
####.##
##§#######.......## #
#..##########
##†.#####
#..........#* #..#
##.......... #..#
#########..########..#
#### #............# *
...# #..........##
...# *#..@######.#*
..## * #..T## ### * ,
..# * ....... , , ..#
....... * , * .##
#####.. * ## , ##. ,
## ,


You could see Snorg (berserk).

Vanquished Creatures
  Erica (D:8)
  Pikel (D:5)
  A deep elf mage (D:9)
  The ghost of Apert the Shield-Bearer, a novice HOFi (D:6)
  A troll (D:9)
  Prince Ribbit (D:8)
  3 yaks (D:9)
  A wyvern (D:9)
  A hungry ghost (D:7)
  Edmund (D:6)
  A water moccasin (D:8)
  2 orc warriors (D:7)
  An ice beast (D:9)
  3 sky beasts
  A phantom (D:4)
  A black bear (D:7)
  A necrophage (D:8)
  9 ogres
  4 centaurs
  2 giant frogs
  A gnoll sergeant (D:8)
  Blork the orc (D:5)
  6 scorpions
  2 killer bees (D:6)
  3 wights (D:9)
  5 howler monkeys
  A centaur zombie (D:5)
  2 crimson imps
  2 giant frog zombies
  5 hounds
  2 jellies
  2 quasits
  11 orc priests
  A gnoll shaman (D:10)
  An iguana (D:8)
  11 orc wizards
  11 worker ants
  A hound zombie (D:9)
  A worker ant zombie (D:7)
  11 adders
  14 gnolls
  2 shadow imps
  2 oozes
  2 adder skeletons (D:8)
  3 worms (D:4)
  5 giant geckos
  40 orcs
  14 giant cockroaches
  5 goblins
  3 hobgoblins
  8 jackals
  11 kobolds
  3 quokkas
  5 ball pythons
  A ball python zombie (D:6)
  10 bats
  A giant gecko skeleton (D:6)
  4 giant newts
  A quokka skeleton (D:8)
  A quokka zombie (D:8)
  5 rats
257 creatures vanquished.

Notes
Turn   | Place    | Note
--------------------------------------------------------------
     0 | Abyss:1  | Gargoyl the Demonspawn Abyssal Knight began the quest for the Orb.
     0 | Abyss:1  | Reached XP level 1. HP: 18/18 MP: 2/2
    44 | Abyss:2  | Found a corrupted altar of Lugonu.
    76 | Abyss:2  | Noticed an ice dragon zombie
    88 | Abyss:2  | Noticed a starcursed mass
    90 | D:1      | Escaped the Abyss
   259 | D:1      | Reached skill level 1 in Dodging
   428 | D:1      | Reached * piety under Lugonu
   428 | D:1      | Gained mutation: You are partially covered in rugged brown scales (AC +1, +3% HP). [demonic ancestry]
   428 | D:1      | Reached XP level 2. HP: 15/24 MP: 3/3
   433 | D:1      | Reached skill level 2 in Armour
  1215 | D:2      | Reached XP level 3. HP: 28/29 MP: 4/4
  1988 | D:2      | Reached skill level 3 in Armour
  1988 | D:2      | Gained mutation: You sometimes gain a little power by taking damage. [demonic ancestry]
  1988 | D:2      | Reached XP level 4. HP: 15/36 MP: 5/5
  2789 | D:3      | Reached ** piety under Lugonu
  3040 | D:3      | Gained mutation: You are partially covered in sharp spines. [demonic ancestry]
  3040 | D:3      | Reached XP level 5. HP: 37/43 MP: 6/6
  3197 | D:3      | You fall through a shaft for 3 floors!
  3313 | D:5      | Entered Level 5 of the Dungeon
  3316 | D:5      | Noticed a sky beast
  3318 | D:5      | Reached skill level 4 in Armour
  3333 | D:5      | Killed a sky beast
  3333 | D:5      | Reached XP level 6. HP: 35/49 MP: 7/7
  3346 | D:5      | Gained mutation: Your flesh is heat resistant. [mutagenic meat]
  3347 | D:5      | Gained mutation: You are frail (-10% HP). [mutagenic meat]
  3348 | D:5      | Gained mutation: You tend to lose your temper in combat. [mutagenic meat]
  3350 | D:5      | Lost mutation: You tend to lose your temper in combat. [potion of cure mutation]
  3350 | D:5      | Lost mutation: You are frail (-10% HP). [potion of cure mutation]
  3350 | D:5      | Lost mutation: Your flesh is heat resistant. [potion of cure mutation]
  3465 | D:5      | Reached skill level 5 in Armour
  3485 | D:4      | Found a staircase to the Ecumenical Temple.
  3639 | D:4      | Gained mutation: You are mostly covered in sharp spines. [demonic ancestry]
  3639 | D:4      | Reached XP level 7. HP: 42/56 MP: 8/8
  3864 | D:4      | Reached skill level 6 in Armour
  3934 | D:4      | Reached *** piety under Lugonu
  4467 | D:5      | Noticed Pikel
  4478 | D:5      | Killed Pikel
  4478 | D:5      | Reached skill level 5 in Fighting
  4478 | D:5      | Reached skill level 7 in Armour
  4478 | D:5      | Reached XP level 8. HP: 56/63 MP: 9/9
  4491 | D:5      | Found an ancient bone altar of Kikubaaqudgha.
  4491 | D:5      | Found a shattered altar of Ashenzari.
  4491 | D:5      | Found a sparkling altar of Nemelex Xobeh.
  4491 | D:5      | Found a shadowy altar of Dithmenos.
  4499 | D:5      | Found a radiant altar of Vehumet.
  4501 | D:5      | Found a blossoming altar of Fedhas.
  4694 | D:5      | Noticed Blork the orc
  4700 | D:5      | Killed Blork the orc
  4700 | D:5      | Reached skill level 8 in Armour
  4789 | D:6      | Noticed Apert's ghost (novice HOFi)
  4798 | D:6      | Killed Apert's ghost
  4798 | D:6      | Gained mutation: You are mostly covered in rugged brown scales (AC +2, +5% HP). [demonic ancestry]
  4798 | D:6      | Reached XP level 9. HP: 47/72 MP: 10/10
  5084 | D:6      | Reached **** piety under Lugonu
  5131 | D:6      | Noticed Edmund
  5142 | D:6      | Killed Edmund
  5142 | D:6      | Reached skill level 5 in Axes
  5205 | D:6      | Found a runed door.
  5222 | D:6      | Found a runed door.
  5239 | D:6      | Reached skill level 9 in Armour
  6131 | D:7      | Gained mutation: You are robust (+10% HP). [mutagenic meat]
  6132 | D:7      | Gained mutation: You can translocate small distances at will. [mutagenic meat]
  6133 | D:7      | Gained mutation: Your natural rate of healing is unusually fast. [mutagenic meat]
  6135 | D:7      | Gained mutation: Your spells are a little easier to cast, but a little less powerful. [mutagenic meat]
  6136 | D:7      | Gained mutation: You are occasionally teleported next to monsters. [mutagenic meat]
  6137 | D:7      | Lost mutation: Your spells are a little easier to cast, but a little less powerful. [potion of cure mutation]
  6137 | D:7      | Lost mutation: You are occasionally teleported next to monsters. [potion of cure mutation]
  6137 | D:7      | Lost mutation: You can translocate small distances at will. [potion of cure mutation]
  6137 | D:7      | Lost mutation: Your natural rate of healing is unusually fast. [potion of cure mutation]
  6137 | D:7      | Lost mutation: You are robust (+10% HP). [potion of cure mutation]
  6479 | D:7      | Reached ***** piety under Lugonu
  6573 | D:7      | Reached skill level 10 in Armour
  7134 | D:8      | Got a faintly humming chain mail
  7145 | D:8      | Identified the +7 chain mail of Infinity {rN+ Str+2 Dex-5} (You found it on level 8 of the Dungeon)
  7159 | D:8      | Found a staircase to the Lair.
  7208 | D:8      | Noticed Erica
  7222 | D:8      | Killed Erica
  7222 | D:8      | Reached XP level 10. HP: 48/82 MP: 11/11
  7630 | D:8      | Noticed Prince Ribbit
  7635 | D:8      | Killed Prince Ribbit
  8036 | D:9      | Reached skill level 11 in Armour
  8043 | D:9      | Noticed a deep elf mage
  8048 | D:9      | Killed a deep elf mage
  8737 | D:9      | Gained mutation: You are resistant to hostile enchantments. [mutagenic meat]
  8738 | D:9      | Gained mutation: You passively map a small area around you. [mutagenic meat]
  8739 | D:9      | Gained mutation: You are clumsy. (Dex -2) [mutagenic meat]
  8740 | D:9      | Gained mutation: You are weak. (Str -2) [mutagenic meat]
  8746 | D:9      | Gained mutation: You are occasionally teleported next to monsters. [potion of mutation]
  8746 | D:9      | Gained mutation: You are dopey. (Int -2) [potion of mutation]
  8835 | D:10     | Entered Level 10 of the Dungeon
  9166 | D:10     | Gained mutation: You are completely covered in sharp spines. [demonic ancestry]
  9166 | D:10     | Reached XP level 11. HP: 90/90 MP: 12/12
  9199 | D:10     | Identified the Papyrus of Earth and Boosts
  9229 | D:10     | Noticed Snorg
  9242 | D:10     | Mangled by Snorg

Skill      XL: |  1  2  3  4  5  6  7  8  9 10 |
---------------+-------------------------------+-----
Dodging        | 1 2 3 |  3.3
Armour         | 2 3 4 5 7 8 10 11 | 11.2
Axes           | 2 4 6 7 |  7.7
Fighting       | 4 5 7 8 |  8.2
Throwing       | |  0.8
Invocations    | |  2.5

Action                   |  1- 3 |  4- 6 |  7- 9 | 10-12 || total
-------------------------+-------+-------+-------+-------++-------
Melee: Hand axe          |   161 |    77 |       |       ||   238
       Battleaxe         |       |    39 |   207 |   119 ||   365
Throw: Javelin           |       |       |     2 |     2 ||     4
Invok: Depart the Abyss  |     1 |       |       |       ||     1
       Banish            |       |       |       |     1 ||     1
  Use: Scroll            |       |     2 |    10 |     2 ||    14
       Potion            |       |     1 |     1 |    11 ||    13
  Eat: Chunk             |     4 |     9 |    16 |    11 ||    40
       Meat ration       |       |       |     1 |       ||     1
Armor: Scale mail        |    97 |       |       |       ||    97
       Chain mail        |    57 |    30 |     8 |   128 ||   223
       Plate armour      |       |   102 |   164 |       ||   266
Dodge: Dodged            |   115 |    48 |    67 |    74 ||   304
Block: Other             |       |     3 |    29 |    29 ||    61
       Reflection        |       |     2 |     1 |     3 ||     6
